Map: Acropolis LE

Players

TiPtOP - Winner!

  • Race: Terran Terran
  • League: Silver
  • Spawn Location: 5:00

TonZ

  • Race: Zerg Zerg
  • Spawn Location: 11:00

VOD

Have the link to the VOD?

Description

Time

  • Played on: Aug. 18, 2019, 5:24 a.m.
  • Length: 19:10
Show
View Real Time Build Order
Export as new Build Order

TiPtOP Terran - Winner!

Build Orders: Mech 

Get SALT Encoding   

  12  0:01  SCV  
  13  0:13  SCV  
  14  0:21  Supply Depot  
  14  0:25  SCV  
  15  0:43  SCV  
  15  0:48  Barracks  
  16  0:54  Refinery  
  16  0:55  SCV  
  17  1:07  SCV  
  18  1:22  SCV  
  19  1:35  Marine  
  19  1:36  Supply Depot  
  19  1:39  Orbital Command  
  20  1:55  Factory  
  20  2:21  Barracks Tech Lab  
  20  2:24  Command Center  
  20  2:34  SCV  
  21  2:58  Refinery  
  20  3:00  Siege Tank  
  23  3:06  SCV  
  24  3:23  SCV  
  25  3:32  Factory  
  25  3:42  Orbital Command  
  25  3:55  Command Center  
  25  3:57  Engineering Bay  
  25  3:59  SCV  
  25  4:02  Siege Tank  
  29  4:07  SCV  
  30  4:19  SCV, Factory Reactor  
  31  4:28  Factory  
  31  4:31  SCV  
  32  4:32  SCV  
  32  4:34  Missile Turret  
  33  4:38  Missile Turret  
  33  4:43  SCV  
  33  4:44  SCV  
  35  4:50  Siege Tank  
  38  4:55  SCV  
  38  4:56  SCV  
  40  5:08  SCV x2  
  42  5:20  SCV  
  43  5:34  Siege Tank  
  43  5:35  Factory Tech Lab  
  46  5:42  Orbital Command  
  46  5:43  Armory  
  46  5:53  Hellion x2  
  50  6:20  Refinery, Orbital Command  
  50  6:23  Refinery  
  50  6:34  SCV x2  
  52  6:46  SCV x3  
  55  6:58  SCV, Supply Depot  
  56  7:02  SCV  
  56  7:03  Supply Depot x2  
  57  7:13  Terran Vehicle Weapons Level 1  
  57  7:14  SCV  
  58  7:19  Thor  
  58  7:21  Supply Depot  
  64  7:24  Refinery  
  64  7:26  Refinery  
  64  7:39  Missile Turret  
  64  7:47  Thor  
  70  7:58  SCV x3  
  70  8:02  Thor  
  79  8:11  Hellion x2  
  83  8:30  Missile Turret, Thor  
  89  8:35  Command Center  
  89  8:42  Factory x2  
  89  9:46  Factory Reactor, Thor, Factory Tech Lab  
  89  9:48  Thor  
  101  9:56  Supply Depot  
  101  9:57  Supply Depot  
  101  10:08  SCV  
  101  10:09  SCV x2  
  104  10:19  Thor  
  104  10:20  Hellion, SCV, Supply Depot  
  104  10:21  Hellion, SCV x2, Supply Depot  
  115  10:25  Orbital Command  
  117  10:29  Thor  
  117  10:32  SCV  
  124  10:36  Missile Turret  
  124  10:41  Thor  
  130  10:47  Missile Turret  
  130  10:49  Missile Turret  
  130  10:53  Missile Turret  
  130  10:58  Missile Turret  
  130  11:03  Thor  
  136  11:05  Hellbat x2  
  136  11:06  Orbital Command  
  140  11:12  Supply Depot  
  140  11:13  Supply Depot  
  140  11:14  Supply Depot  
  140  11:17  Refinery, Supply Depot  
  140  11:22  Thor  
  140  11:23  Hellbat  
  140  11:24  Thor  
  154  11:33  Terran Vehicle And Ship Armor Level 1  
  154  11:37  Armory  
  154  11:59  Thor  
  160  12:05  Thor  
  160  12:07  Thor  
  172  12:11  Refinery  
  172  12:14  Missile Turret, Infernal Pre-Igniter  
  172  12:15  Missile Turret  
  172  12:16  Smart Servos  
  172  12:21  Neosteel Armor  
  172  12:24  Terran Vehicle Weapons Level 2  
  163  12:51  Command Center  
  163  12:55  Hellbat x4  
  171  13:03  Hellion  
  171  13:10  SCV  
  172  13:22  SCV  
  173  13:34  SCV  
  174  13:46  SCV  
  175  14:20  Thor x3  
  175  14:22  Hellbat x3  
  199  14:29  SCV  
  200  14:58  Command Center  
  198  15:03  Refinery  
  198  15:05  Refinery  
  189  15:15  Supply Depot  
  189  15:16  Supply Depot  
  189  15:20  Supply Depot  
  188  15:27  Missile Turret  
  188  15:30  Missile Turret  
  178  15:39  Hellbat x2  
  178  15:41  Hellbat x4  
  183  15:42  Hellbat  
  163  16:00  Hellbat  
  163  16:02  Thor x2  
  177  16:06  Thor  
  179  16:15  Hellbat x2  
  183  16:44  Thor  
  183  16:45  Thor  
  195  17:04  Supply Depot  
  195  17:05  Supply Depot  
  195  17:06  Supply Depot  
  195  17:14  Planetary Fortress  
  195  17:43  Hellbat x3  
  185  18:02  Hellion x2  
  185  18:03  Hellion  
  191  18:10  Hellbat x3  
  197  18:39  Sensor Tower  
Show
View Real Time Build Order
Export as new Build Order

TonZ Zerg 

Build Orders: Pool First 

Get SALT Encoding   

  12  0:05  Drone  
  13  0:25  Drone  
  14  0:33  Spawning Pool  
  13  0:36  Overlord  
  13  0:40  Drone  
  14  0:54  Drone x2  
  16  0:57  Extractor  
  16  0:59  Drone  
  16  1:09  Drone  
  17  1:34  Drone x2  
  17  1:39  Queen  
  21  1:56  Zergling x2  
  22  2:03  Overlord  
  22  2:13  Hatchery  
  21  2:20  Overlord x2  
  21  2:21  Queen  
  23  2:48  Drone x2  
  25  2:58  Drone x3  
  25  2:59  Drone  
  29  3:08  Extractor  
  28  3:13  Lair  
  28  3:28  Drone x2  
  30  3:36  Drone  
  31  3:50  Drone x3  
  31  3:54  Overlord  
  34  4:04  Drone  
  34  4:06  Drone x3  
  34  4:09  Drone  
  39  4:19  Evolution Chamber  
  38  4:24  Hydralisk Den  
  38  4:29  Zergling x4  
  39  4:35  Drone  
  39  4:36  Drone x3  
  43  4:40  Extractor  
  43  4:41  Drone  
  43  4:55  Spore Crawler  
  42  5:01  Hydralisk x6  
  54  5:08  Drone x2  
  54  5:09  Drone x2  
  54  5:13  Extractor  
  57  5:20  Zerg Missile Weapons Level 1  
  55  5:55  Hydralisk x2  
  59  5:59  Overlord x2  
  59  6:00  Overlord  
  59  6:03  Hatchery  
  58  6:09  Drone  
  59  6:39  Overseer  
  59  6:43  Drone x2  
  59  6:44  Drone  
  59  6:45  Drone x2  
  59  6:46  Drone  
  65  7:14  Drone, Zerg Ground Armor Level 1  
  65  7:15  Drone  
  67  7:21  Hydralisk x2  
  67  7:22  Hydralisk x4  
  77  7:25  Drone  
  77  7:26  Overlord x2  
  80  7:39  Hydralisk  
  82  7:45  Drone  
  83  7:51  Drone  
  83  7:52  Drone  
  83  7:53  Drone  
  83  7:58  Extractor  
  85  8:16  Hydralisk  
  85  8:17  Hydralisk x4  
  95  8:39  Spine Crawler  
  94  8:49  Extractor  
  94  8:53  Drone x2  
  95  9:14  Hatchery  
  94  9:24  Infestation Pit, Hatchery  
  94  9:26  Hydralisk x5  
  94  9:27  Hydralisk  
  94  9:30  Hydralisk  
  106  9:33  Overlord  
  106  9:34  Overlord  
  106  9:43  Overlord x2  
  106  9:44  Overlord  
  106  10:16  Drone  
  106  10:17  Drone x2  
  109  10:21  Drone x2  
  109  10:22  Drone x2  
  113  10:34  Hydralisk x3  
  113  10:35  Hydralisk x5  
  123  10:36  Hydralisk x2  
  123  10:42  Overlord  
  133  10:43  Overlord x2  
  133  10:45  Overlord  
  133  10:54  Drone  
  134  11:00  Drone x3  
  137  11:11  Hydralisk  
  137  11:12  Hydralisk x2  
  143  11:18  Hydralisk x2  
  143  11:19  Hydralisk  
  149  11:29  Hive  
  149  11:48  Drone x3  
  153  11:54  Drone x3  
  155  12:17  Burrow  
  151  12:52  Ultralisk Cavern  
  151  12:55  Hydralisk x2  
  151  12:56  Hydralisk x5  
  164  12:59  Zerg Ground Armor Level 2  
  164  13:09  Grooved Spines  
  164  13:25  Drone x3  
  167  13:39  Hatchery  
  167  13:41  Extractor  
  165  13:42  Drone x2, Extractor  
  165  13:43  Drone  
  167  13:57  Ultralisk x2  
  179  14:03  Overlord  
  179  14:06  Drone  
  180  14:11  Ultralisk  
  186  14:21  Muscular Augments  
  186  14:30  Spine Crawler  
  185  14:46  Drone x3  
  188  14:57  Spine Crawler  
  188  14:59  Spine Crawler  
  175  15:15  Zerg Missile Weapons Level 2  
  89  15:55  Zergling x4  
  93  16:48  Spine Crawler  
  93  16:52  Spine Crawler  
  93  16:54  Spine Crawler  
  77  17:21  Zergling x4  
  77  17:22  Zergling x8  
  83  17:35  Chitinous Plating  
  77  18:05  Ultralisk x3  
  93  18:12  Zergling x4  
  95  18:13  Zergling x8  
  82  18:52  Baneling Nest  
Tags
 
Composition
Mech
League
Silver
Matchup
TvZ
Opening
Pool First
Spawn Locations
Cross Positions
Add a new tag
Caveats
  • Supply blocks, unpowered buildings, or Contaminate may cause inaccurate times.
  • Supply counts are checked every 10 seconds.